 Dungeon Crawl Stone Soup version 0.19.4-12-gccf7e64 (webtiles) character file.

488 RichardSteel the Cudgeler (level 6, 0/62 HPs)
             Began as a Troll Berserker on Feb 27, 2017.
             Was a Priest of Trog.
             Succumbed to a worker ant's poison
             ... on level 4 of the Dungeon.
             The game lasted 00:22:28 (2964 turns).

RichardSteel the Cudgeler (Troll Berserker)         Turns: 2964, Time: 00:22:29

Health: 0/62       AC:  5    Str: 32 (33) XL:     6   Next: 90%
Magic:  5/5        EV: 10    Int:  1 (3)  God:    Trog [***...]
Gold:   162        SH:  0    Dex:  7 (9)  Spells: 0 memorised, 5 levels left

rFire  + . .     SeeInvis .     a - +0 mace
rCold  + + .     Gourm    +     b - +0 animal skin
rNeg   . . .     Faith    .     (no shield)
rPois  +         Spirit   .     (helmet restricted)
rElec  +         Reflect  .     (no cloak)
rCorr  +         Harm     .     (gloves unavailable)
MR     .....     Clarity  +     (boots unavailable)
Stlth  +.........               (no amulet)
                                (no ring)
                                (no ring)

@: mighty, lethally poisoned (0 -> -2), exhausted, resistant, slowed, very slow
A: unfitting armour, claws 3, clarity, cold resistance 1, fast metabolism 3,
gourmand, poison resistance, regeneration 1, shaggy fur 1, tough skin 2
a: Berserk, Trog's Hand, Burn Spellbooks, Renounce Religion


You were on level 4 of the Dungeon.
You worshipped Trog.
Trog was most pleased with you.
You were hungry.

You visited 1 branch of the dungeon, and saw 4 of its levels.

You collected 162 gold pieces.

Inventory:

Hand Weapons
 a - a +0 mace (weapon)
 g - a +1 dagger of protection
Missiles
 e - 67 stones (quivered)
 i - 53 bolts
 k - 6 javelins
 l - 13 arrows
Armour
 b - a +0 animal skin (worn)
 m - a +0 robe
 r - a +0 ring mail
 v - a +0 leather armour
Jewellery
 y - an uncursed ring of positive energy {unknown}
 A - an uncursed ring of flight {unknown}
Scrolls
 d - a scroll of enchant weapon {unknown}
 f - a scroll of random uselessness {unknown}
 h - 3 scrolls of enchant armour {unknown}
 j - 9 scrolls of identify {unknown}
 o - a scroll of immolation {unknown}
Potions
 n - a potion of cure mutation {unknown}
 p - a potion of magic {unknown}
 q - a potion of curing {unknown}
Comestibles
 c - 3 bread rations
 s - 7 chunks of flesh
 t - 3 beef jerkies
 w - a royal jelly


   Skills:
 + Level 3.7 Fighting
 + Level 5.4 Maces & Flails
 + Level 3.7 Dodging
 + Level 0.3 Stealth


You had 5 spell levels left.
You didn't know any spells.

Dungeon Overview and Level Annotations

Branches:
Dungeon (4/15)
 Temple: D:4-7

Altars:
Uskayaw


Innate Abilities, Weirdness & Mutations

You are too large for most types of armour.
You have claws for hands.
Your metabolism is lightning-fast.
You like to eat raw meat.
Your natural rate of healing is unusually fast.
You are covered in fur. (AC +1)
You have very tough skin. (AC +2)
You possess an exceptional clarity of mind.
Your flesh is cold resistant. (rC+)
Your system is resistant to poisons. (rPois)


Message History

The worker ant bites you but does no damage.
You feel sick.
You see here an orc corpse.
You feel sick. The worker ant misses you.
It was a potion of degeneration.
There was something very wrong with that liquid.
You feel weakened.
You feel dopey.
You feel clumsy.
You feel sick. The worker ant misses you. The worker ant bites you!
* * * LOW HITPOINT WARNING * * *
You are lethally poisoned!
The worker ant poisons you!
It was a potion of resistance.
You feel protected.
* * * LOW HITPOINT WARNING * * *
You feel sick. The worker ant barely misses you.
The worker ant bites you but does no damage.
It was a potion of mutation.
You feel extremely strange.
You feel resistant to poisons.
You feel resistant to cold.
Your thoughts seem clearer.
You die...

#. #.'......'.## #.
#.# #.'......'.# #.
#.. #.#8....8#.# #.
#.#####.##8.[8##.####.
#........######.....#.
##...###'# #'###...
#..##.#.# ###...##..
#..#.#.## #|##.#.#.÷
#..#@### #÷#.##.#..
#..#a# #.## #.#..
#..#.# #..###.#..
#..##†...####..).##..
#...######..######...
###..................
############......#
########


You could see a worker ant.

Vanquished Creatures
  A wyvern (D:4)
  A phantom (D:4)
  A hound (D:4)
  Ijyb (D:2)
  An iguana (D:4)
  A worker ant (D:4)
  8 adders
  2 oozes
  An adder zombie (D:4)
  3 worms (D:3)
  3 dart slugs (D:3)
  2 leopard geckos
  5 orcs
  8 bats
  A giant cockroach (D:1)
  A goblin (D:1)
  2 hobgoblins
  3 quokkas
  7 frilled lizards
  5 kobolds
  3 rats
60 creatures vanquished.

Notes
Turn   | Place    | Note
-------+----------+-------------------------------------------
     0 | D:1      | RichardSteel the Troll Berserker began the quest for the Orb.
     0 | D:1      | Reached XP level 1. HP: 22/22 MP: 0/0
   273 | D:1      | Reached XP level 2. HP: 29/29 MP: 1/1
   698 | D:2      | Noticed Ijyb
   716 | D:2      | Killed Ijyb
   716 | D:2      | Reached skill level 3 in Maces & Flails
   716 | D:2      | Reached XP level 3. HP: 33/36 MP: 2/2
  1677 | D:3      | Reached ** piety under Trog
  1813 | D:3      | Reached XP level 4. HP: 42/44 MP: 3/3
  2349 | D:4      | Reached skill level 4 in Maces & Flails
  2452 | D:4      | Found a hide-covered altar of Uskayaw.
  2615 | D:4      | Reached XP level 5. HP: 37/52 MP: 4/4
  2754 | D:4      | Found a large runed door.
  2754 | D:4      | Found a large runed door.
  2762 | D:4      | Found a large runed door.
  2762 | D:4      | Found a large runed door.
  2925 | D:4      | Noticed a phantom
  2932 | D:4      | Killed a phantom
  2932 | D:4      | Reached skill level 5 in Maces & Flails
  2932 | D:4      | Reached XP level 6. HP: 48/61 MP: 5/5
  2944 | D:4      | Noticed a wyvern
  2945 | D:4      | Reached *** piety under Trog
  2953 | D:4      | Killed a wyvern
  2962 | D:4      | HP: 1/62 [worker ant (7)]
  2964 | D:4      | Gained mutation: Your system is resistant to poisons. (rPois) [potion of mutation]
  2964 | D:4      | Gained mutation: Your flesh is cold resistant. (rC+) [potion of mutation]
  2964 | D:4      | Gained mutation: You possess an exceptional clarity of mind. [potion of mutation]
  2964 | D:4      | Succumbed to a worker ant's poison

Skill      XL: |  1  2  3  4  5 |
---------------+----------------+-----
Maces & Flails | 3 4 5 |  5.4
Dodging        | 3 |  3.7
Fighting       | 3 |  3.7
Stealth        | |  0.3

Action                   |  1- 3 |  4- 6 || total
-------------------------+-------+-------++-------
Melee: Mace              |    99 |   136 ||   235
Invok: Berserk           |     1 |     2 ||     3
  Use: Potion            |       |     4 ||     4
 Stab: Sleeping          |       |     1 ||     1
  Eat: Bread ration      |     2 |       ||     2
       Chunk             |     5 |    13 ||    18
Armor: Animal skin       |    65 |    47 ||   112
Dodge: Dodged            |    85 |    65 ||   150
